Map: Acid Plant LE

Players

Serral - Winner!

  • Race: Zerg Zerg
  • Spawn Location: 5:00

Dark

  • Race: Zerg Zerg
  • Spawn Location: 11:00

Event: 2018 WCS Global Finals

VOD

Have the link to the VOD?

Description

Time

  • Played on: Nov. 2, 2018, 8:51 p.m.
  • Length: 12:13

All games in this series

Show
View Real Time Build Order
Export as new Build Order

Serral Zerg - Winner!

Build Orders: Hatch First, Lurkers, Roach Hydra 

Get SALT Encoding   

  12  0:00  Drone  
  13  0:12  Overlord  
  13  0:17  Drone  
  14  0:30  Drone x2  
  16  0:47  Hatchery  
  15  0:51  Drone  
  15  0:54  Drone  
  17  0:57  Drone  
  18  1:08  Extractor  
  17  1:12  Spawning Pool  
  17  1:16  Drone  
  17  1:19  Drone  
  18  1:27  Drone  
  19  1:39  Drone  
  20  1:49  Overlord  
  20  1:59  Queen  
  20  2:00  Queen  
  20  2:01  Drone x2  
  26  2:07  Metabolic Boost  
  26  2:11  Drone x2  
  28  2:21  Drone x2  
  30  2:33  Hatchery  
  30  2:35  Drone  
  30  2:38  Drone  
  32  2:44  Drone, Overlord  
  32  2:51  Queen  
  32  2:53  Zergling x2  
  32  2:55  Zergling x2  
  36  3:04  Zergling x2  
  36  3:05  Zergling x2  
  38  3:08  Zergling x8  
  38  3:10  Zergling x2  
  38  3:12  Zergling x2  
  44  3:18  Baneling Nest  
  43  3:20  Overlord  
  43  3:25  Zergling x2  
  46  3:41  Zergling x6  
  46  3:44  Drone  
  46  3:46  Drone x7  
  55  3:53  Evolution Chamber  
  52  4:00  Overlord  
  52  4:01  Drone x2  
  53  4:07  Drone  
  53  4:08  Drone  
  53  4:09  Drone  
  51  4:16  Zergling x2  
  52  4:19  Zerg Missile Weapons Level 1  
  52  4:20  Drone x6  
  52  4:22  Drone, Baneling  
  59  4:24  Drone  
  59  4:29  Extractor, Overlord  
  59  4:31  Drone  
  60  4:32  Drone  
  61  4:40  Lair  
  61  4:41  Extractor  
  61  4:44  Roach Warren  
  59  4:47  Drone x4  
  59  4:50  Drone x2  
  59  4:52  Drone x2  
  67  5:00  Overlord  
  67  5:01  Drone x4  
  67  5:02  Drone  
  67  5:04  Drone  
  67  5:06  Drone  
  73  5:11  Drone  
  72  5:17  Drone, Overlord  
  73  5:23  Extractor, Overlord  
  73  5:24  Extractor x2  
  73  5:25  Zergling x6  
  73  5:27  Pneumatized Carapace  
  72  5:30  Drone x5  
  77  5:37  Glial Reconstitution  
  77  5:40  Drone x3  
  77  5:41  Overseer  
  79  5:51  Hatchery  
  79  5:54  Drone x2  
  80  6:00  Evolution Chamber, Roach x8  
  80  6:03  Baneling  
  80  6:04  Baneling x3  
  95  6:09  Roach  
  95  6:10  Overlord x3  
  97  6:21  Zerg Missile Weapons Level 2  
  97  6:22  Overlord x3  
  97  6:26  Overlord  
  97  6:27  Zerg Ground Armor Level 1  
  97  6:36  Hydralisk Den  
  97  6:37  Roach x5  
  106  6:41  Drone x2  
  106  6:42  Roach x2  
  112  6:55  Overlord  
  112  7:05  Queen, Muscular Augments  
  114  7:09  Drone  
  114  7:10  Lurker Den  
  114  7:11  Drone x5  
  114  7:12  Extractor  
  114  7:13  Drone x3  
  114  7:14  Spore Crawler x2  
  119  7:16  Spore Crawler, Hydralisk x4  
  119  7:18  Unknown  
  119  7:22  Spore Crawler  
  125  7:25  Hydralisk x3  
  131  7:31  Overlord  
  131  7:32  Overlord x2  
  131  7:36  Overseer  
  131  7:39  Hydralisk x3  
  131  7:42  Overlord  
  137  7:46  Overlord  
  137  7:47  Overlord  
  137  7:51  Hydralisk x2  
  137  7:56  Roach x3  
  147  7:59  Roach x3  
  151  8:09  Roach x6  
  162  8:16  Grooved Spines, Roach x3  
  162  8:17  Overseer  
  168  8:22  Roach x3  
  174  8:29  Roach x4  
  182  8:37  Roach x5  
  182  8:39  Lurker  
  182  8:40  Lurker x2  
  195  8:41  Unknown  
  195  8:47  Roach x3  
  199  8:54  Overlord  
  196  9:02  Roach x5  
  199  9:08  Overlord x2  
  199  9:09  Overseer  
  199  9:14  Unknown  
  199  9:16  Lurker x4, Extractor  
  199  9:17  Lurker, Overlord  
  199  9:24  Spore Crawler  
  199  9:25  Tunneling Claws  
  199  9:26  Burrow  
  199  9:29  Extractor  
  199  9:30  Spine Crawler  
  196  9:31  Spine Crawler  
  196  9:34  Drone x2  
  196  9:38  Drone  
  196  9:40  Drone x3  
  193  10:03  Hydralisk x4  
  197  10:09  Hydralisk x7  
  197  10:13  Hydralisk x5  
  190  10:23  Hydralisk x6  
  196  10:33  Hydralisk x2  
  198  10:37  Roach x2  
  198  10:39  Overseer  
  182  10:43  Roach x8  
  182  10:45  Roach  
  182  10:46  Roach  
  169  10:50  Unknown  
  169  10:54  Roach x5  
  169  10:56  Unknown  
  169  10:57  Unknown x2  
  161  10:58  Roach x2  
  161  11:02  Roach x3  
  161  11:04  Lurker  
  158  11:06  Lurker x2  
  158  11:10  Roach x2  
  158  11:11  Roach x9  
  164  11:14  Roach x3  
  170  11:20  Roach x3  
  170  11:21  Roach  
  170  11:22  Roach x3  
  170  11:25  Roach x2  
  178  11:26  Roach x2  
  182  11:36  Roach x6  
  187  11:40  Overseer  
  187  11:41  Roach  
  187  11:42  Roach x2  
  184  11:47  Roach x4  
  190  12:01  Drone  
Show
View Real Time Build Order
Export as new Build Order

Dark Zerg 

Build Orders: Hatch First, Zergling Baneling 

Get SALT Encoding   

  12  0:00  Drone  
  13  0:12  Overlord  
  13  0:17  Drone  
  14  0:31  Drone x2  
  16  0:48  Hatchery  
  15  0:51  Drone  
  15  0:55  Drone  
  17  0:58  Drone  
  18  1:09  Extractor  
  17  1:13  Spawning Pool  
  17  1:16  Drone  
  17  1:19  Drone  
  18  1:30  Drone  
  19  1:40  Drone  
  20  1:53  Overlord  
  20  1:59  Queen  
  20  2:00  Drone x2, Queen  
  26  2:13  Drone  
  26  2:14  Metabolic Boost  
  27  2:16  Drone  
  27  2:22  Drone  
  29  2:24  Drone  
  30  2:34  Drone  
  31  2:38  Hatchery  
  31  2:42  Drone  
  31  2:45  Baneling Nest  
  31  2:47  Zergling x2  
  31  2:49  Zergling x2  
  32  2:54  Overlord  
  32  2:56  Drone  
  33  3:10  Zergling x6  
  36  3:13  Zergling x8  
  36  3:14  Zergling x2  
  41  3:21  Overlord  
  41  3:28  Queen  
  41  3:29  Drone  
  41  3:30  Baneling  
  44  3:36  Baneling  
  44  3:37  Baneling  
  43  3:46  Zergling x4  
  43  3:48  Drone  
  45  3:51  Baneling x2, Drone x4  
  45  3:52  Drone  
  45  3:55  Zergling x2  
  50  3:58  Drone x2  
  50  4:01  Drone  
  53  4:06  Drone  
  53  4:09  Zergling x2  
  50  4:14  Baneling x2, Zergling x2  
  50  4:16  Drone  
  52  4:19  Drone  
  53  4:25  Evolution Chamber  
  53  4:27  Drone x3  
  53  4:28  Drone x3  
  53  4:29  Extractor  
  53  4:30  Extractor  
  56  4:35  Drone x2  
  56  4:36  Overlord  
  58  4:39  Roach Warren  
  58  4:44  Drone  
  58  4:45  Overlord  
  58  4:48  Baneling x2  
  58  4:50  Lair  
  58  4:54  Overlord  
  58  4:55  Baneling x2  
  58  4:57  Drone x3  
  61  5:01  Drone  
  61  5:03  Drone  
  61  5:05  Drone x3  
  61  5:06  Drone  
  67  5:09  Zerg Missile Weapons Level 1  
  67  5:10  Drone  
  67  5:12  Drone  
  67  5:13  Drone  
  69  5:23  Drone  
  69  5:24  Drone  
  69  5:27  Drone x2  
  72  5:30  Drone x3  
  72  5:35  Drone x3, Extractor x2  
  77  5:36  Extractor  
  77  5:39  Drone x3  
  77  5:42  Drone x3  
  80  5:54  Drone, Spire, Glial Reconstitution  
  80  5:56  Hatchery  
  79  5:57  Roach  
  79  5:58  Overlord x2  
  79  6:01  Overlord  
  81  6:11  Overlord  
  80  6:13  Overlord  
  80  6:18  Roach x4  
  86  6:19  Roach  
  90  6:26  Spore Crawler  
  90  6:29  Drone x5  
  90  6:30  Drone x4  
  90  6:31  Roach  
  100  6:38  Roach x3  
  106  6:52  Overlord  
  104  6:55  Extractor  
  104  6:57  Extractor, Overseer  
  104  6:59  Overlord x2  
  101  7:04  Roach x3  
  101  7:05  Mutalisk  
  101  7:06  Mutalisk x6  
  101  7:08  Roach x3  
  127  7:09  Overlord  
  127  7:10  Queen  
  127  7:13  Zerg Missile Weapons Level 2  
  129  7:16  Roach  
  129  7:22  Roach x3  
  137  7:31  Overlord x2  
  137  7:32  Roach x4  
  145  7:39  Roach x2  
  145  7:40  Roach x2  
  145  7:42  Overlord x2  
  145  7:44  Zergling x2  
  154  7:54  Zergling x10  
  154  7:57  Roach x2  
  160  8:08  Drone x5  
  160  8:09  Drone x2  
  160  8:10  Drone x2  
  161  8:15  Roach x2  
  161  8:16  Roach x2  
  169  8:23  Ravager x11  
  169  8:24  Roach x5  
  169  8:26  Overseer  
  190  8:29  Pneumatized Carapace  
  190  8:32  Overlord  
  190  8:38  Overlord  
  190  8:50  Overseer  
  190  8:51  Roach  
  186  8:57  Roach x2  
  186  8:58  Roach  
  183  9:03  Roach x8  
  183  9:08  Ravager  
  200  9:14  Unknown  
  200  9:29  Zerg Ground Armor Level 1  
  200  9:31  Hydralisk Den  
  197  9:41  Roach  
  197  9:42  Hatchery, Roach  
  200  9:56  Roach x8  
  200  9:57  Ravager x4, Roach  
  190  10:01  Roach x3  
  190  10:02  Ravager, Roach x3  
  190  10:03  Ravager x2  
  190  10:06  Roach x2  
  200  10:08  Roach x2  
  200  10:09  Roach x2  
  200  10:11  Roach x4  
  189  10:15  Roach x3  
  189  10:17  Roach  
  189  10:21  Roach x4  
  186  10:22  Roach x3  
  186  10:26  Roach x2  
  186  10:28  Roach  
  186  10:31  Ravager x2  
  186  10:32  Unknown  
  186  10:33  Roach x2  
  186  10:34  Roach x2  
  166  10:44  Roach  
  166  10:45  Roach x3  
  166  10:47  Roach  
  166  10:49  Roach  
  138  10:52  Unknown, Roach x2  
  119  10:59  Roach x2  
  119  11:00  Roach  
  119  11:02  Roach x3  
  118  11:04  Roach  
  118  11:07  Ravager x2  
  122  11:12  Roach x2  
  122  11:14  Ravager x2  
  122  11:15  Ravager  
  122  11:16  Roach  
  122  11:17  Roach  
  122  11:18  Roach x3  
  139  11:21  Ravager x2  
  139  11:22  Roach  
  139  11:23  Roach  
  139  11:25  Ravager x2  
  147  11:26  Roach  
  147  11:27  Overseer  
  147  11:29  Roach  
  147  11:31  Roach  
  147  11:44  Roach x5  
  147  11:45  Roach  
  147  11:46  Roach  
  142  11:50  Roach  
  142  11:51  Roach  
Tags
 
Add a new tag
Caveats
  • Supply blocks, unpowered buildings, or Contaminate may cause inaccurate times.
  • Supply counts are checked every 10 seconds.